 Dungeon Crawl Stone Soup version 0.27-a0-1140-g099f9bb0e8 (webtiles) character file.

Game seed: 18063612561544747267

19061 freelancePsychic the Quickloader (level 13, -2/104 HPs)
             Began as a Formicid Hunter on May 9, 2021.
             Was a High Priest of Okawaru.
             Slain by a sun demon (16 damage)
             ... in a volcano.
             The game lasted 00:57:28 (19328 turns).

freelancePsychic the Quickloader (Formicid Hunter) Turns: 19328, Time: 00:57:29

Health: -2/104     AC: 29    Str: 20    XL:     13   Next: 1%
Magic:  16/16      EV: 10    Int: 13    God:    Okawaru [*****.]
Gold:   920        SH:  0    Dex: 11    Spells: 12/12 levels left

rFire    + + .     SeeInvis +   a - +1 hand crossbow
rCold    . . .     Faith    .   w - +0 buckler
rNeg     + . .     Spirit   .   p - +4 plate armour {rF+}
rPois    .         Reflect  +   (helmet unavailable)
rElec    .         Harm     .   u - +0 cloak {rF+}
rCorr    .         Rampage  .   G - +2 pair of gloves
Will     +....                  v - +2 pair of boots
Stlth    ..........             m - amulet of reflection
HPRegen  0.27/turn              D - ring of positive energy
MPRegen  0.15/turn              n - ring of flight

@: confused, heroic, ambrosia-drunk, flying
A: permanent stasis, dig shafts and tunnels, antennae 3, four strong arms
a: Dig, Renounce Religion, Heroism, Finesse


You were in a volcano.
You worshipped Okawaru.
Okawaru was extremely pleased with you.
You visited 3 branches of the dungeon, and saw 14 of its levels.
You also visited: Volcano.

You collected 920 gold pieces.

Inventory:

Hand Weapons
 a - a +1 hand crossbow (weapon)
 b - the +10 trident of the Little People {venom, Int+4 Dex+3 Stlth+}
   (You took it off a gnoll sergeant on level 9 of the Dungeon)

   It poisons the flesh of those it strikes.
   It affects your intelligence (+4).
   It affects your dexterity (+3).
   It makes you more stealthy.
 l - a +1 halberd of flaming
 F - a +1 lajatang
 H - a +2 bardiche of freezing
Missiles
 d - 107 bolts (quivered ammo)
 z - 4 curare-tipped darts
Armour
 c - a +0 cloak of willpower
 f - a +0 plate armour
 p - a +4 plate armour of fire resistance (worn)
 u - a +0 cloak of fire resistance (worn)
 v - a +2 pair of boots (worn)
 w - a +0 buckler (worn)
 G - a +2 pair of gloves (worn)
Jewellery
 m - an amulet of reflection (around neck)
 n - a ring of flight (right hand)
 D - a ring of positive energy (left hand)
Wands
 g - a wand of charming (8)
 q - a wand of flame (17)
 y - a wand of acid (5)
 C - a wand of iceblast (10)
 E - a wand of digging (1)
Scrolls
 i - 4 scrolls of fear
 j - 3 scrolls of amnesia
 k - a scroll of vulnerability
 I - a scroll of enchant weapon
Potions
 e - 4 potions of brilliance
 h - a potion of berserk rage {unknown}
 o - 3 potions of heal wounds {@q2}
 r - 4 potions of degeneration
 t - a potion of mutation
 A - a potion of magic
 B - a potion of curing {@q1}


   Skills:
 - Level 10.5(15.5) Fighting
 - Level 5.9(10.9) Staves
 + Level 12.6(17.6) Crossbows
 * Level 9.6(14.6) Armour
 * Level 6.0(11.0) Dodging
 - Level 1.2(6.2) Stealth
 - Level 4.0(9.0) Shields
 - Level 5.0 Invocations
 + Level 1.4 Evocations


You had 12 spell levels left.
You didn't know any spells.
Your spell library contained the following spells:

 Spells                   Type           Power      Damage    Failure   Level
 Animate Skeleton         Necr           0%         N/A       98%         1
 Apportation              Tloc           0%         N/A       98%         1
 Beastly Appendage        Tmut           0%         N/A       98%         1
 Corona                   Hex            0%         N/A       98%         1
 Pain                     Necr           0%         1d4       98%         1
 Shock                    Conj/Air       0%         1d3       98%         1
 Summon Small Mammal      Summ           0%         N/A       98%         1
 Call Imp                 Summ           0%         N/A       99%         2
 Ensorcelled Hibernation  Hex/Ice        0%         N/A       99%         2
 Static Discharge         Conj/Air       0%         N/A       99%         2
 Wereblood                Tmut           0%         N/A       99%         2
 Call Canine Familiar     Summ           0%         N/A       100%        3
 Ignite Poison            Fire/Tmut/Pois 0%         N/A       100%        3
 Spider Form              Tmut/Pois      0%         N/A       100%        3
 Summon Guardian Golem    Hex/Summ       0%         N/A       100%        3
 Tukima's Dance           Hex            0%         N/A       100%        3
 Vampiric Draining        Necr           0%         2d6       100%        3
 Airstrike                Air            0%         N/A       100%        4
 Animate Armour           Summ/Erth      0%         N/A       100%        4
 Animate Dead             Necr           0%         N/A       100%        4
 Cause Fear               Hex            0%         N/A       100%        4
 Ice Form                 Ice/Tmut       0%         N/A       100%        4
 Petrify                  Tmut/Erth      0%         N/A       100%        4
 Summon Ice Beast         Ice/Summ       0%         N/A       100%        4
 Summon Lightning Spire   Summ/Air       0%         N/A       100%        4
 Agony                    Necr           0%         N/A       100%        5
 Hydra Form               Tmut           0%         N/A       100%        5
 Lightning Bolt           Conj/Air       0%         1d11      100%        5
 Summon Hydra             Summ           0%         N/A       100%        7
 Shatter                  Erth           0%         3d5*      100%        9
 Swiftness                Air            Unusable   N/A       N/A         3

Dungeon Overview and Level Annotations

Branches:
Dungeon (11/15)            Temple (1/1) D:7            Lair (2/6) D:11
Volcano (1/1)
  Swamp: Lair:2-4    Shoals: Lair:2-4     Snake: Lair:2-4    Spider: Lair:2-4
    Orc: D:9-12

Altars:
Ashenzari
Cheibriados
Dithmenos
Elyvilon
Fedhas
Gozag
Kikubaaqudgha
Makhleb
Nemelex Xobeh
Okawaru
Qazlal
Ru
Sif Muna
Trog
Uskayaw
Vehumet
Wu Jian
Xom
Yredelemnul
Zin
The Shining One

Shops:
D:9 *

Annotations:
D:7 Duvessa
D:8 1 runed translucent door


Innate Abilities, Weirdness & Mutations

You cannot be hasted, slowed, berserked, paralysed or teleported.
You can dig through walls and to a lower floor.
You have a pair of large antennae on your head. (SInv)
Your four strong arms can wield two-handed weapons with a shield.


Message History

You shoot a bolt. The bolt hits the sun demon!
The sun demon is heavily wounded.
The sun demon hits you!
You are engulfed in flames.
You resist.
* * * LOW HITPOINT WARNING * * *
Fire: 110 bolts
Press: ? - help, Q - select action, (/) - cycle Shift-Dir - straight line, f/p - sun demon
Aim: a sun demon (heavily wounded, 69% to hit)
You shoot a bolt.
The bolt hits the sun demon but does no damage.
The sun demon is heavily wounded.
You block the sun demon's attack.
Fire: 109 bolts
Press: ? - help, Q - select action, (/) - cycle Shift-Dir - straight line, f/p - sun demon
Aim: a sun demon (heavily wounded, 69% to hit)
You shoot a bolt.
The bolt hits the sun demon but does no damage.
The sun demon is heavily wounded.
You block the sun demon's attack.
Fire: 108 bolts
Press: ? - help, Q - select action, (/) - cycle Shift-Dir - straight line, f/p - sun demon
Aim: a sun demon (heavily wounded, 69% to hit)
You shoot a bolt. The bolt closely misses the sun demon.
The sun demon completely misses you. The sun demon hits you!!
* * * LOW HITPOINT WARNING * * *
You are engulfed in flames.
You resist.
* * * LOW HITPOINT WARNING * * *
Fire: 107 bolts
Press: ? - help, Q - select action, (/) - cycle Shift-Dir - straight line, f/p - sun demon
Aim: a sun demon (heavily wounded, 69% to hit)
Okay, then.
Okay, then.
You feel much better. The sun demon hits you!
* * * LOW HITPOINT WARNING * * *
You are engulfed in flames.
You resist.
* * * LOW HITPOINT WARNING * * *
The sun demon barely misses you.
Okay, then.
You are confused.
You feel invigorated. The sun demon hits you!
You die...

#)## ### #.§§≈≈§##
..####.#########§≈≈≈≈#
...#...##....##.##§≈##
.....§..§.....[## ###
...≈≈§≈.§≈§...#.## #
..≈≈§§≈≈≈§§§§§...# ☼##
.≈≈§§≈≈§≈§≈§≈§...# #○○#
.≈≈≈§≈§§≈≈≈§.§..## #≈≈≈##
≈§≈§≈≈§≈≈§≈≈≈..3@# ##§.≈≈≈#
≈≈≈≈§§≈≈§§.§(...######≈§..≈§#
..≈≈≈§§≈≈≈§§(....#.##.∩...§§#
...§....§......##..........#
..###..#(.§.(######.......##
### # ###.### ######### #. {
..{ ...


You could see a sun demon.

Vanquished Creatures
  A boulder beetle (D:9)
  A two-headed ogre (D:9)
  A hell knight (Volcano)
  2 cyclopes
  4 gargoyles
  A kobold demonologist (D:11)
  3 komodo dragons
  An efreet (D:9)
  A tengu conjurer (D:10)
  A red devil (Volcano)
  6 trolls
  Grinder (D:3)
  A slime creature (D:10)
  16 yaks
  A wraith (D:9)
  7 wyverns
  2 steam dragons (D:7)
  2 basilisks
  3 hell hounds
  An acid dragon (D:11)
  9 water moccasins
  5 orc warriors
  An ice beast (D:8)
  A sky beast (D:6)
  2 black bears
  A tengu (shapeshifter) (D:9)
  An ogre (D:7)
  4 wolves (D:11)
  7 centaurs
  3 phantoms
  4 kobold brigands
  7 bullfrogs
  3 gnoll sergeants
  5 scorpions (D:5)
  Dowan (D:7)
  10 wights
  9 killer bees
  4 howler monkeys
  A bullfrog zombie (D:6)
  5 centaur zombies
  A gnoll shaman (D:7)
  An iron imp (D:6)
  7 orc priests
  2 bullfrog skeletons
  A centaur skeleton (D:6)
  3 hounds
  3 iguanas
  5 orc wizards
  Robin (D:3)
  A howler monkey zombie (D:9)
  20 gnolls
  6 adders
  An adder skeleton (D:4)
  3 worms
  2 dart slugs
  35 orcs
  9 bats
  A bat zombie (D:6)
  6 endoplasms
  4 giant cockroaches
  11 goblins
  7 hobgoblins
  29 kobolds
  3 quokkas
  10 ball pythons
  A frilled lizard (D:3)
  A goblin zombie (D:8)
  3 rats (D:2)
  A rat zombie (D:6)
317 creatures vanquished.

Vanquished Creatures (others)
  A deep elf pyromancer (D:9)
  A yak (D:9)
  A wyvern zombie (D:9)
  A bush (D:11)
  8 fungi
  18 plants
30 creatures vanquished.

Grand Total: 347 creatures vanquished

Notes
Turn   | Place    | Note
-------+----------+-------------------------------------------
     0 | D:1      | freelancePsychic the Formicid Hunter began the quest for
                  | the Orb.
     0 | D:1      | Reached XP level 1. HP: 16/16 MP: 1/1
   260 | D:1      | Reached XP level 2. HP: 23/23 MP: 2/2
  1004 | D:2      | Reached XP level 3. HP: 29/29 MP: 3/3
  1050 | D:2      | Found Urphes's Antique Armour Emporium.
  1051 | D:2      | Found a faded altar of an unknown god.
  1332 | D:2      | Reached XP level 4. HP: 28/37 MP: 4/4
  2213 | D:2      | Reached XP level 5. HP: 43/43 MP: 5/5
  2636 | D:3      | Noticed Grinder
  2652 | D:3      | Killed Grinder
  2653 | D:3      | Reached skill level 5 in Crossbows
  2653 | D:3      | Reached XP level 6. HP: 42/52 MP: 6/6
  2941 | D:3      | Found a hide-covered altar of Uskayaw.
  3119 | D:3      | Noticed Robin
  3366 | D:3      | Killed Robin
  3986 | D:4      | Reached skill level 1 in Staves
  3986 | D:4      | Reached XP level 7. HP: 35/58 MP: 7/7
  4459 | D:4      | Identified the +1 chain mail of the Lobster {Str+2}
  4690 | D:5      | Entered Level 5 of the Dungeon
  4728 | D:5      | Reached skill level 6 in Crossbows
  4970 | D:5      | Reached XP level 8. HP: 10/64 MP: 8/8
  4980 | D:5      | HP: 3/64 [scorpion (3)]
  5295 | D:5      | Found the +7 Singing Sword {vorpal, sonic wave}
  5364 | D:5      | Reached skill level 7 in Crossbows
  5556 | D:5      | Found an ornate altar of the Wu Jian Council.
  6266 | D:6      | Reached skill level 8 in Crossbows
  6693 | D:5      | Reached XP level 9. HP: 51/62 MP: 9/9
  6907 | D:6      | Reached skill level 5 in Staves
  7021 | D:6      | Reached skill level 9 in Crossbows
  7683 | D:6      | Found an ancient bone altar of Kikubaaqudgha.
  7923 | D:6      | Found a snail-covered altar of Cheibriados.
  8206 | D:7      | Found a staircase to the Ecumenical Temple.
  8211 | Temple   | Entered the Ecumenical Temple
  8292 | Temple   | Became a worshipper of Warmaster Okawaru
  8961 | D:7      | Reached skill level 10 in Crossbows
  9379 | D:7      | Reached skill level 1 in Armour
  9379 | D:7      | Reached skill level 1 in Invocations
  9609 | D:7      | Reached XP level 10. HP: 79/79 MP: 11/11
  9654 | D:7      | Reached * piety under Okawaru
  9909 | D:7      | Noticed Dowan
  9920 | D:7      | Killed Dowan
  9926 | D:7      | Noticed Duvessa
  9986 | D:8      | Found a runed translucent door.
 10569 | D:8      | Found a basalt altar of Yredelemnul.
 11189 | D:8      | Reached ** piety under Okawaru
 11539 | D:9      | Reached skill level 5 in Invocations
 11775 | D:9      | Noticed a two-headed ogre
 11775 | D:9      | Noticed an efreet
 11799 | D:10     | Entered Level 10 of the Dungeon
 12063 | D:10     | Reached skill level 1 in Shields
 12072 | D:10     | Reached skill level 5 in Armour
 12178 | D:10     | Reached *** piety under Okawaru
 12193 | D:10     | Received a gift from Okawaru
 12194 | D:10     | Reached XP level 11. HP: 69/89 MP: 14/14
 12884 | D:10     | Noticed a cyclops
 13141 | D:10     | Reached skill level 11 in Crossbows
 13321 | D:9      | Found Tyhu's Demolitions Depot.
 13720 | D:10     | Identified a scroll of acquirement
 13720 | D:10     | Acquired a +0 cloak of willpower
 14253 | D:9      | Killed a two-headed ogre
 14520 | D:9      | Noticed a cyclops
 14829 | D:9      | Received a gift from Okawaru
 15017 | D:9      | Killed a cyclops
 15148 | D:9      | Noticed a deep elf pyromancer
 15155 | D:9      | Killed a deep elf pyromancer
 15429 | D:9      | Identified the Incunabulum of Ashen Beguiling
 15447 | D:9      | Identified the +5 chain mail of the Wary Underlurkers
                  | {Will- Str+6 Dex+4 SInv}
 15691 | D:9      | Identified the +10 trident of the Little People {venom,
                  | Int+4 Dex+3 Stlth+}
 15693 | D:9      | Identified the +8 rapier of Action {vorpal, *Slow Str+4
                  | Dex+4}
 15831 | D:9      | Reached skill level 12 in Crossbows
 15875 | D:9      | Noticed a boulder beetle
 15923 | D:9      | Killed a boulder beetle
 15923 | D:9      | Received a gift from Okawaru
 15924 | D:9      | Reached XP level 12. HP: 59/97 MP: 13/15
 16509 | D:10     | Reached skill level 10 in Fighting
 16593 | D:10     | Identified Syont's Catalogue of the Five Spines
 16601 | D:10     | Identified Sif Muna's Collected Works on Shifting Clay
 16623 | D:10     | Reached **** piety under Okawaru
 16744 | D:10     | Found a radiant altar of Vehumet.
 16976 | D:11     | Received a gift from Okawaru
 17222 | D:11     | Found a staircase to the Lair.
 17351 | D:11     | Received a gift from Okawaru
 17677 | D:11     | Reached skill level 5 in Dodging
 17806 | D:11     | Received a gift from Okawaru
 17990 | Lair:1   | Entered Level 1 of the Lair of Beasts
 19016 | Lair:2   | Found a dark tunnel.
 19022 | Lair:2   | Reached ***** piety under Okawaru
 19057 | Volcano  | Entered a volcano
 19081 | Volcano  | Reached skill level 1 in Evocations
 19108 | Volcano  | Noticed a hell knight
 19118 | Volcano  | Killed a hell knight
 19119 | Volcano  | Reached XP level 13. HP: 69/104 MP: 8/16
 19328 | Volcano  | Slain by a sun demon

Illustrated notes

Levels and vault maps discovered:
D:1:      lightli_arrival_maybe_door_vault, layout_basic, skrybe_limestone_x,
          minmay_pentomino_z4
D:2:      layout_basic, shapermc_ecumenical_altar_starsandcircs, serial_shops,
          shop, hangedman_feature_mirror, minmay_misc_feat_more_columns,
          minmay_misc_feat_x, columned_hall_lemuel
D:3:      layout_basic, nicolae_uskayaw_dance_hall, uniq_grinder, uniq_robin
D:4:      layout_loops_ring
D:5:      old_forge, layout_gridville, lemuel_doored_altar
D:6:      layout_rooms, lemuel_zombie_altar_kikubaaqudgha, slow_altar_1
D:7:      layout_loops_ring, temple_doors_cd, uniq_duvessa
D:8:      layout_loops_cross, dk_yredelemnul_ordeal
D:9:      hangedman_cross_cluster, layout_cave_pods, nicolae_zen_rock_garden,
          nicolae_blasting_shop, minmay_splitting_lines
D:10:     layout_roguey, marbit_many_paths, minmay_misc_feat_alley,
          minmay_diamond_spiral
D:11:     layout_loops_ring, minmay_lair_entry_grove
Temple:   nicolae_temple_elliptical
Lair:1:   layout_chaotic_city, grunt_megastairs_4, lemuel_fruit_tree,
          lemuel_fruit_fields, infiniplex_staircase_pool_2
Lair:2:   nzn_winding_woodlands_large [nzn_winding_woodlands_5x5_perimeter,
          nzn_winding_woodlands_5x15_default,
          nzn_winding_woodlands_5x5_checkerboard,
          nzn_winding_woodlands_center_triple_pond,
          nzn_winding_woodlands_15x15_killbox,
          nzn_winding_woodlands_center_pierced_h,
          nzn_winding_woodlands_5x5_cross, nzn_winding_woodlands_5x15_eye,
          nzn_winding_woodlands_5x5_three], layout_cave_pods, enter_volcano_3
Volcano:  volcano_pools

Skill      XL: |  1  2  3  4  5  6  7  8  9 10 11 12 |
---------------+-------------------------------------+-----
Fighting       | 3 4 6 7 9 10 | 10.5
Crossbows      | 5 6 8 10 12 | 12.6
Staves         | 1 3 4 5 |  5.9
Armour         | 1 5 7 9 |  9.6
Invocations    | 1 5 |  5.0
Shields        | 2 4 |  4.0
Dodging        | 3 6 |  6.0
Evocations     | 1 |  1.4
Stealth        | |  1.2

Action                   |  1- 3 |  4- 6 |  7- 9 | 10-12 | 13-15 || total
-------------------------+-------+-------+-------+-------+-------++-------
Melee: Halberd           |       |    60 |    23 |       |       ||    83
       Lajatang          |       |    55 |   210 |    31 |       ||   296
       Trident           |       |       |       |    15 |       ||    15
 Fire: Hand crossbow     |    60 |    38 |   186 |   714 |    24 ||  1022
Throw: Dart              |       |       |       |     1 |       ||     1
Invok: Heroism           |       |       |       |    18 |     1 ||    19
       Finesse           |       |       |       |     1 |       ||     1
 Abil: Dig               |       |       |       |     7 |       ||     7
  Use: Scroll            |     3 |     3 |     7 |    11 |       ||    24
       Potion            |       |       |     4 |     1 |     2 ||     7
 Stab: Invisible         |       |       |     1 |       |       ||     1
Armor: Ring mail         |    14 |    62 |     8 |       |       ||    84
       Chain mail        |       |       |   265 |   238 |       ||   503
       Plate armour      |       |       |       |       |    17 ||    17
Dodge: Dodged            |    21 |   102 |   131 |   178 |     5 ||   437
Block: Buckler           |       |       |    21 |   117 |    12 ||   150

Table legend: (Time is in decaauts)
 A = Elapsed time spent in this place.
 B = Non-inter-level travel time spent in this place.
 C = Inter-level travel time spent in this place.
 D = Time resting spent in this place.
 E = Time spent auto-exploring this place.
 F = Levels seen in this place.
 G = Mean time per level.
                   A        B        C        D        E       F      G
               +--------+--------+--------+--------+--------+-----+--------+
         Total |  19488 |  18843 |    645 |   4713 |  10273 |  15 | 1299.2 |
       Dungeon |  18144 |  17549 |    595 |   4563 |   9578 |  11 | 1649.5 |
        Temple |    107 |     81 |     26 |      0 |     79 |   1 |  107.0 |
          Lair |    970 |    946 |     24 |     47 |    616 |   2 |  485.0 |
       Volcano |    266 |    266 |      0 |    103 |      0 |   1 |  266.0 |
               +--------+--------+--------+--------+--------+-----+--------+

Top non-repeatable levels by time:
     D:9: 2438 daAuts
    D:10: 2425 daAuts
     D:5: 2241 daAuts
     D:8: 1982 daAuts
     D:6: 1855 daAuts
     D:2: 1420 daAuts
     D:1: 1315 daAuts
    D:11: 1287 daAuts
     D:3: 1211 daAuts
     D:7: 1138 daAuts
     D:4: 827 daAuts
  Lair:1: 721 daAuts
 Volcano: 266 daAuts
  Lair:2: 248 daAuts
  Temple: 107 daAuts
